Cogmind - Beta 17 *** ADVENTURER MODE // 2026.07.29 @ 15:06:37 Player: ChrisPBacon Result: Self-destructed Performance ------------- Evolutions (2) 1000 Regions Visited (4) 800 Robots Destroyed (20) 100 Value Destroyed (587) 587 Prototype IDs (0) 0 Alien Tech Used (0) 0 Bonus (0) 0 TOTAL SCORE: 2487 Bonus ------- None Cogmind --------- Core Integrity 550/550 Matter 300/300 Energy 200/200 System Corruption 0% Temperature Cool (0) Movement Rolling (110) Location -8/Materials Parts ------- > --- POWER (1) -------- Subdweller Power Source > --- PROPULSION (4) --- Light Treads Subdweller Monowheel > --- UTILITY (4) ------ Improved Terrain Scanner Light Armor Plating > --- WEAPON (2) ------- Small Laser Light Assault Rifle > --- INVENTORY (5) ---- Ion Engine Wheel Wheel Grenade Launcher Hammer Peak State ------------ > --- POWER ------------ Subdweller Power Source > --- PROPULSION ------- Light Treads Subdweller Monowheel > --- UTILITY ---------- Improved Terrain Scanner Light Armor Plating > --- WEAPON ----------- Small Laser Light Assault Rifle > --- INVENTORY -------- Ion Engine Wheel Wheel Grenade Launcher Hammer [Rating: 11] Favorites ----------- Power Ion Engine Engine Ion Engine Propulsion Light Treads Treads Light Treads Wheel Wheel Utility Improved Terrain Scanner Device Improved Terrain Scanner Storage Huge Storage Unit Protection Light Armor Plating Weapon Light Assault Rifle Energy Gun Small Laser Ballistic Gun Light Assault Rifle Build | -11 -10 -10 -10 -8 ------- Run | Yrd Mat Min Sub Mat Slots Evolved 4 | . . . . 4 Power . | . . . . . Propulsion 2 | . . . . 2 Utility 2 | . . . . 2 Weapon . | . . . . . Parts Attached 14 | 7 1 2 4 . Power 2 | 1 . . 1 . Engine 2 | 1 . . 1 . Core . | . . . . . Reactor . | . . . . . Propulsion 5 | 2 . 1 2 . Treads 3 | 2 . . 1 . Leg . | . . . . . Wheel 2 | . . 1 1 . Hover . | . . . . . Flight . | . . . . . Utility 4 | 2 1 . 1 . Device 1 | 1 . . . . Storage 2 | 1 1 . . . Processor . | . . . . . Hackware . | . . . . . Protection 1 | . . . 1 . Artifact . | . . . . . Weapon 3 | 2 . 1 . . Energy Gun 1 | . . 1 . . Energy Cannon . | . . . . . Ballistic Gun 2 | 2 . . . . Ballistic Cannon . | . . . . . Launcher . | . . . . . Special Weapon . | . . . . . Impact Weapon . | . . . . . Slashing Weapon . | . . . . . Piercing Weapon . | . . . . . Special Melee Weapon . | . . . . . Unidentified Prototypes . | . . . . . Parts Lost 3 | . . 2 1 . Power . | . . . . . Propulsion 2 | . . 1 1 . Utility . | . . . . . Weapon 1 | . . 1 . . Highest Loss Streak 2 | . . 2 1 . To Critical Strikes . | . . . . . Average Backups 3 | . 2 4 4 . Power . | . 1 1 1 . Propulsion . | . . 1 1 . Utility . | . . . . . Weapon 1 | . 1 2 2 . Tool/Special . | . . . . . Unused Backups 3 | . . . . 3 Power 1 | . . . . 1 Propulsion . | . . . . . Utility . | . . . . . Weapon 2 | . . . . 2 Tool/Special . | . . . . . Average Slot Usage (%) 96 | . 98 88 94 . Engine 14 | . 14 14 14 . Treads 25 | . 28 19 21 . Wheel 1 | . . 5 5 . Device 13 | . 12 14 14 . Storage 10 | . 14 9 . . Protection 2 | . . . 10 . Energy Gun 3 | . . 4 14 . Ballistic Gun 23 | . 28 19 14 . Peak Build Rating 11 | 9 9 9 11 . Average Rating 8 | 5 8 8 9 . On Entrance 7 | . 9 9 8 11 Avg Prop Armor Cover (%) 13 | . . 14 12 . Naked Turns . | . . . . . Heaviest Build 88 | 13 88 87 11 . Greatest Support 40 | 40 40 20 40 . Greatest Overweight (x) 8 | . 2 8 2 . Average Overweight (x) . | . 1 . . . Largest Inventory Capacity 25 | 8 25 25 5 . Average Capacity 15 | 6 20 18 5 . Most Carried 5 | 1 5 5 5 . Average Carried 3 | . 2 4 4 . Final Capacity 25 | 8 25 5 5 5 Final Carried 5 | 1 5 4 5 5 Class Distribution -------------------- 83% | Mutant 16% | Scavenger-Mutant Dominant Class ---------------- Mutant | -10/Materials Mutant | -10/Mines Scavenger-Mutant | -10/Subcaves Scavenger-Mutant | -8/Materials Resources | -11 -10 -10 -10 -8 ----------- Run | Yrd Mat Min Sub Mat Matter Collected 455 | 179 193 35 48 . Remotely . | . . . . . Salvage Created 826 | 115 324 96 291 . Parts 40 | 6 17 2 15 . Haulers Intercepted . | . . . . . Recyclers Shooed 1 | 1 . . . . Parts Field Recycled . | . . . . . Retrieved Matter . | . . . . . Parts Self-Destructed 8 | . . . 8 . Prevented . | . . . . . Parts Restored . | . . . . . Kills | -11 -10 -10 -10 -8 ------- Run | Yrd Mat Min Sub Mat Combat Hostiles Destroyed 14 | . 6 2 6 . Guns 14 | . 6 2 6 . Classes Destroyed 6 | 2 2 . 2 . Worker 3 | . 3 . . . Tunneler 2 | 2 . . . . Recycler 1 | 1 . . . . Grunt 11 | . 6 2 3 . Sentry 1 | . . . 1 . Subdweller 2 | . . . 2 . Best Kill Streak 3 | 2 3 1 2 . Combat Bots Only 2 | . 2 1 2 . Max Kills in Single Turn 1 | 1 1 1 1 . Gunslinging . | . . . . . Exploded . | . . . . . Melee . | . . . . . Uniques/NPCs Destroyed . | . . . . . Combat | -11 -10 -10 -10 -8 -------- Run | Yrd Mat Min Sub Mat Hostile Shots Fired 90 | . 51 23 16 . Missed 29 | . 17 6 6 . Hits 61 | . 34 17 10 . Projectile 61 | . 34 17 10 . Critical Strikes 3 | . 1 1 1 . Damage Taken 725 | . 378 194 153 . Core 130 | . 82 25 23 . Absorbed by Shields . | . . . . . Ignored by Resistances 213 | . 110 59 44 . Regen/Repaired (Parts) 18 | . 18 . . . Core Remaining (%) 74 | 100 . . 48 . Volleys Fired 67 | 7 34 15 11 . Largest 2 | 2 2 2 2 . Hottest 60 | 40 40 40 60 . Shots Fired 129 | 14 68 25 22 . Gun 129 | 14 68 25 22 . Cannon . | . . . . . Launcher . | . . . . . Special . | . . . . . Kinetic 118 | 14 68 25 11 . Thermal 11 | . . . 11 . Explosive . | . . . . . Electromagnetic . | . . . . . Robot Hit Streak 28 | 8 15 24 28 . Robot Miss Streak 2 | 1 2 1 1 . Penetration Max . | . . . . . Secondary Targets 3 | . 1 1 1 . Max Gunslinging Chain 1 | . 1 1 1 . Shots Hit Robots 109 | 10 56 24 19 . Core Hits 52 | 5 26 6 15 . Critical Kills 2 | 1 . . 1 . Critical Parts Destroyed 1 | 1 . . . . Critical Strikes 3 | 2 . . 1 . Destroy 3 | 2 . . 1 . Melee Attacks . | . . . . . Impact . | . . . . . Slashing . | . . . . . Piercing . | . . . . . Sneak Attacks . | . . . . . Combat Hostiles . | . . . . . Follow-up Attacks . | . . . . . Damage Inflicted 923 | 81 461 195 186 . Guns 923 | 81 461 195 186 . Cannons . | . . . . . Explosions . | . . . . . Melee . | . . . . . Ramming . | . . . . . Kinetic 799 | 81 461 195 62 . Thermal 124 | . . . 124 . Explosive . | . . . . . Electromagnetic . | . . . . . Impact . | . . . . . Slashing . | . . . . . Piercing . | . . . . . Highest Corruption . | . . . . . Average Corruption . | . . . . . Corruption Purged . | . . . . . Corruption Blocked . | . . . . . Overload Shots . | . . . . . Overflow Damage . | . . . . . Projectiles . | . . . . . Explosions . | . . . . . Melee . | . . . . . Knockbacks . | . . . . . Impact . | . . . . . Kinetic . | . . . . . Secondary . | . . . . . Self-Inflicted Damage . | . . . . . Shots . | . . . . . Rammed . | . . . . . Targets Rammed . | . . . . . Kicked . | . . . . . Crushed . | . . . . . Highest Temperature 42 | . 31 42 20 . Average Temperature 16 | . 13 20 10 . Received Heat Transfer 507 | . 270 162 75 . Siege Activations . | . . . . . Martial Activations . | . . . . . Shielding Activations . | . . . . . Robots Disrupted . | . . . . . Combat Hostiles . | . . . . . Robots Corrupted . | . . . . . Combat Hostiles . | . . . . . Parts Fried . | . . . . . Impact Corruptions . | . . . . . Robots Melted . | . . . . . Combat Hostiles . | . . . . . Parts Melted 1 | . . . 1 . Heat Transferred 275 | . . . 275 . Parts Sabotaged . | . . . . . Parts Stolen . | . . . . . Parts Stripped . | . . . . . Power Chain Reactions . | . . . . . Alert | -11 -10 -10 -10 -8 ------- Run | Yrd Mat Min Sub Mat Maximum Alert Level . | . . . . . Low Security (%) 100 | 100 100 100 . . Level 1 . | . . . . . Level 2 . | . . . . . Level 3 . | . . . . . Level 4 . | . . . . . Level 5 . | . . . . . High Security . | . . . . . Max Security . | . . . . . Peak Influence 50 | 10 50 30 . . Initial 8 | . 2 8 . 4 Average 14 | 1 17 13 . . Influence Increases 323 | 15 168 50 90 . Destroy 0b10 Robot/C 240 | . 120 40 80 . Destroy 0b10 Robot/NC 30 | 15 15 . . . Destroy Leader 50 | . 30 10 10 . Successful Hack 3 | . 3 . . . Influence Decreases 319 | 10 148 75 80 6 Entered New Map 26 | . 3 17 . 6 Time Decay 265 | 10 145 40 70 . Lost Part 28 | . . 18 10 . Squads Dispatched . | . . . . . Investigation . | . . . . . Extermination . | . . . . . Reinforcement . | . . . . . Assault . | . . . . . Garrison . | . . . . . Intercept . | . . . . . Searches Triggered . | . . . . . Construction Impeded . | . . . . . Haulers Reinforced . | . . . . . Active Scanning Responses . | . . . . . Cargo Convoy Interrupts . | . . . . . Stealth | -11 -10 -10 -10 -8 --------- Run | Yrd Mat Min Sub Mat Distress Signals . | . . . . . Communications Jammed . | . . . . . Distress Signals . | . . . . . Times Spotted 17 | . 9 2 6 . Peak Tracking Total 4 | . 4 2 2 . Tactical Retreats . | . . . . . Traps | -11 -10 -10 -10 -8 ------- Run | Yrd Mat Min Sub Mat Traps Triggered 1 | . 1 . . . Indirectly . | . . . . . Trap Hack Attempts . | . . . . . Triggered . | . . . . . Disarmed . | . . . . . Reprogrammed . | . . . . . Reused . | . . . . . Traps Extracted . | . . . . . Installed . | . . . . . Triggered . | . . . . . Machines | -11 -10 -10 -10 -8 ---------- Run | Yrd Mat Min Sub Mat Machines Disabled . | . . . . . Max in Single Turn . | . . . . . Machines Repaired . | . . . . . Machines Dismantled . | . . . . . Machines Sabotaged . | . . . . . Overloaded Fab Kills . | . . . . . Hacking | -11 -10 -10 -10 -8 --------- Run | Yrd Mat Min Sub Mat Machines Accessed 2 | . 2 . . . Terminals 1 | . 1 . . . Fabricators . | . . . . . Repair Stations 1 | . 1 . . . Recycling Units . | . . . . . Scanalyzers . | . . . . . Garrison Access . | . . . . . Total Hacks 5 | . 5 . . . Successful 4 | . 4 . . . Failed 1 | . 1 . . . Catastrophic . | . . . . . Database Lockouts . | . . . . . Manual 1 | . 1 . . . Terminals 3 | . 3 . . . Fabricators . | . . . . . Repair Stations 2 | . 2 . . . Recycling Units . | . . . . . Scanalyzers . | . . . . . Garrison Access . | . . . . . Terminal Hacks 2 | . 2 . . . Record 2 | . 2 . . . Fabricator Hacks . | . . . . . Repair Station Hacks 2 | . 2 . . . Scan Component 1 | . 1 . . . Repair 1 | . 1 . . . Recycling Unit Hacks . | . . . . . Scanalyzer . | . . . . . Garrison Access Hacks . | . . . . . Unauthorized Hacks . | . . . . . Terminals . | . . . . . Fabricators . | . . . . . Repair Stations . | . . . . . Recycling Units . | . . . . . Scanalyzers . | . . . . . Garrison Access . | . . . . . Data Cores Recovered . | . . . . . Used . | . . . . . Hacking Detections 1 | . 1 . . . Full Trace Events 1 | . 1 . . . Feedback Events . | . . . . . Feedback Blocked . | . . . . . Robot Schematics Acquired . | . . . . . Robots Built . | . . . . . Authchips . | . . . . . Time . | . . . . . Total Robot Build Rating . | . . . . . Part Schematics Acquired . | . . . . . Parts Built . | . . . . . Authchips . | . . . . . Time . | . . . . . Total Part Build Rating . | . . . . . Part Studies Acquired . | . . . . . Parts Repaired 1 | . 1 . . . Time 38 | . 38 . . . Parts Recycled . | . . . . . Recycled Matter . | . . . . . Retrieved Matter . | . . . . . Retrieved Components . | . . . . . Parts Scanalyzed . | . . . . . Part Schematics Acquired . | . . . . . Parts Damaged . | . . . . . Bothacking | -11 -10 -10 -10 -8 ------------ Run | Yrd Mat Min Sub Mat Used RIF Installer . | . . . . . Robots Hacked . | . . . . . Non-combat . | . . . . . Combat . | . . . . . Robot Hacks Applied . | . . . . . Relay Couplers Released . | . . . . . Fabnet Peak Effective % . | . . . . . Robots Rewired . | . . . . . Allies Hacked . | . . . . . Hacks Repelled . | . . . . . Allies | -11 -10 -10 -10 -8 -------- Run | Yrd Mat Min Sub Mat Total Allies . | . . . . . Largest Group . | . . . . . Highest-Rated Group . | . . . . . Highest-Rated Ally . | . . . . . Total Orders . | . . . . . Ally Attacks . | . . . . . Total Damage . | . . . . . Kills . | . . . . . Allies Corrupted . | . . . . . Allies Melted . | . . . . . Intel | -11 -10 -10 -10 -8 ------- Run | Yrd Mat Min Sub Mat Active Infowar (turns) 668 | 10 421 89 148 . Terrain 668 | 10 421 89 148 . Robot Analysis Total . | . . . . . Derelict Logs Recovered . | . . . . . Drone Launches . | . . . . . Drone Recoveries . | . . . . . Exploration | -11 -10 -10 -10 -8 ------------- Run | Yrd Mat Min Sub Mat Turns Passed 792 | 96 459 89 148 . Spaces Moved 308 | 44 135 45 84 . Core 4 | 3 . . 1 . Treads 218 | 41 135 3 39 . Legs . | . . . . . Wheels 86 | . . 42 44 . Hover . | . . . . . Flight . | . . . . . Fastest Speed 50 | 50 160 80 80 . Average Speed 179 | 152 242 114 126 . Slowest Speed 480 | 160 320 480 160 . Overloaded Moves . | . . . . . Propulsion Burnouts . | . . . . . Robots Hopped . | . . . . . Potential Cave-ins . | . . . . . Cave-ins Triggered . | . . . . . Exploration Rate (%) 15 | 4 28 19 10 . Regions Visited 4 Branch Regions 2 Pre-discovered Areas . | . . . . . Known Exits Taken . | . . . . . Unknown Exits Taken 4 | 1 1 1 1 . Scrap Searched . | . . . . . Spaces Dug . | . . . . . Terrain Destroyed . | . . . . . Melee . | . . . . . Projectile . | . . . . . AOE . | . . . . . Terrain Rammed . | . . . . . Walls Destroyed . | . . . . . Machines Disabled . | . . . . . Actions | -11 -10 -10 -10 -8 --------- Run | Yrd Mat Min Sub Mat Total 438 | 58 213 62 105 . Wait 43 | . 38 . 5 . Move 304 | 43 134 44 83 . Hop . | . . . . . Pick Up 5 | 1 4 . . . Fast Attach 13 | 7 2 1 3 . Attach 1 | . . 1 . . Detach 1 | . . . 1 . Swap 1 | . . . 1 . Drop 3 | . 1 1 1 . Fire 67 | 7 34 15 11 . Melee . | . . . . . Ram . | . . . . . Kick . | . . . . . Crush . | . . . . . Escape Stasis . | . . . . . Rewire . | . . . . . Trap . | . . . . . Miscellaneous . | . . . . . Route ------- -11/Scrapyard -10/Materials -10/Mines -10/Subcaves -8/Materials History --------- Turn | Location | Event 11 | -11/Scrapyard | Discovered new exit (range 15) 97 | -11/Scrapyard | Entered Materials 286 | -10/Materials | Repaired Imp. Terrain Scanner 307 | -10/Materials | Build established: Mutant 440 | -10/Materials | Discovered new exit (range 8) 556 | -10/Materials | Entered Mines 640 | -10/Mines | Discovered new exit (range 8) 645 | -10/Mines | Entered Subcaves 647 | -10/Subcaves | A swath of the cavern ceiling suddenly collapsed 746 | -10/Subcaves | Core integrity fell below 50% 781 | -10/Subcaves | Discovered new exit (range 12) 793 | -10/Subcaves | Entered Materials 793 | -8/Materials | Evolved 4 slots: Propulsion x2, Utility x2 793 | -8/Materials | Self-destructed Last Messages --------------- 00709_ G-34 Mercenary destroyed. 00710_ Lgt. Nuclear Core fries itself beyond repair. 00712_ Acquired 3 matter. 00715_ Ion Engine fries itself beyond repair. 00717_ Aluminum Leg fries itself beyond repair. 00723_ Heat Sink fries itself beyond repair. 00747_ Lgt. Treads destroyed. 00747_ WU-ODI(R) destroyed. 00747_ Switching to secondary target: 04-M3Y(R). 00753_ Sub. Monowheel melted. 00753_ 04-M3Y(R) destroyed. 00759_ Acquired 3 matter. 00762_ Dropped Ion Engine. 00765_ Acquired Sub. Monowheel. 00767_ Acquired 20 matter. 00781_ EXIT=FOUND PARAMETERS=PROPULSION+2,UTILITY+2 LOCATION=UNKNOWN GOAL=ESCAPE Map ----- +----------------------------------------------------+ | ?????????????????????????????????????????? | | ?????????????????????????????????????????? | | ?????????????????????????????????????????? | | ?????????????????????????????????????????? | | ?????????????????????????????????????????? | | ?????????????????????????????????????????? | | ?????????????????????????????????????????? | | ?????????????????????????????????????????? | | ?????????????????????????????????????????? | | ?????????????????????????????????????????? | | ?????????????????????????????????????????? | | ?????????????????????????????????????????? | | ?????????????????????????????????????????? | | ?????????????????????????????????????????? | | ?????????????????????????????????????????? | | ?????????????????????????????????????????? | | ?????????????????????????????????????????? | | ?????????????????????????????????????????? | | ?????????????????????????????????????????? | | ?????????????????????????????????????????? | | ?????????????????????????????????????????? | | ???????????????????# ????????????????????? | | ???????????????????# ???????????????????? | | ???????????????????# #####?????????????? | | ???????????????????# #?????????????? | | ???????????????????+ @ #?????????????? | | ???????????????????# #?????????????? | | ???????????????????####+####?????????????? | | ?????????????????????????????????????????? | | ?????????????????????????????????????????? | | ?????????????????????????????????????????? | | ?????????????????????????????????????????? | | ?????????????????????????????????????????? | | ?????????????????????????????????????????? | | ?????????????????????????????????????????? | | ?????????????????????????????????????????? | | ?????????????????????????????????????????? | | ?????????????????????????????????????????? | | ?????????????????????????????????????????? | | ?????????????????????????????????????????? | | ?????????????????????????????????????????? | | ?????????????????????????????????????????? | | ?????????????????????????????????????????? | | ?????????????????????????????????????????? | | ?????????????????????????????????????????? | | ?????????????????????????????????????????? | | ?????????????????????????????????????????? | | ?????????????????????????????????????????? | | ?????????????????????????????????????????? | | ?????????????????????????????????????????? | +----------------------------------------------------+ Best States ------------- Heat Dissipation 25 Energy Generation 15 Energy Capacity 250 Matter Stores 300 Matter Capacity 300 Sight Range 16 Terrain Scan Range 16 Terrain Scan Density 10 Armor Coverage 150 Resistance: KI 20 Resistance: TH 20 Resistance: EX 20 Resistance: EM 20 Resistance: I 20 Resistance: S 20 Resistance: P 20 Evasion (%) 44 Recoil Reduction 2 Offensive Hacking 10 Item Schematics ----------------- None Robot Schematics ------------------ None Fabricated ------------ Nothing Repaired ---------- Imp. Terrain Scanner | 18% | -10/Materials Studied --------- None Alien Tech Used ----------------- None Achievements -------------- None Challenges ------------ None Game ------ Seed DrainedComponentChronowheel Manual? 0 Play Time 00:05:30 Cumulative 71.9 hours Start 2026.07.29 @ 15:01:20 End 2026.07.29 @ 15:06:37 Sessions 1 Manual Loads 0 Difficulty Adventurer Special Mode None Game No. 21 Rogue 0 Adventurer 21 Explorer 0 Win Type - Total 3 Types 2/0/0/0/0/0/0/1/0/0 Lore% 37 Gallery% 43 Achievement% 47 Wizard Run 0 Options --------- Layout 1 ASCII 0 Keyboard 0 Movement Mouse Keybinds 0 Fullscreen 1 Font 24/Smallcaps Map View 50x35 Zoom Use 0% Tactical HUD 1 Map Filters NONE Filters NONE Steam 1 RUN: 260609f9-f147-4e6a-a00e-139cce5636f8